[ AOE2 MATCH · #479214048 ]
1v1 RMKhitans vs Huns
Player's team · WIN
Rival team · LOSS
[ REPLAY ANALYSIS · EXTRACTED FROM THE RECORDED GAME ]
Feudal
10:56
Castle
21:39
Imperial
33:58
| APM avg | 55.1 |
| APM peak | 98 |
| eAPM avg | 32.0 |
| Villagers / military | 101 / 107 |
Focus
⚔️ 49.6% · 🌾 50.4%
Steppe Lancer ×88 · Fishing Ship ×34 · Cavalry Archer ×10 · Unknown (2626) ×9 · Monk ×3 · Scout Cavalry ×2
Feudal
12:10
Castle
24:36
Imperial
35:42
| APM avg | 53.5 |
| APM peak | 104 |
| eAPM avg | 31.9 |
| Villagers / military | 219 / 63 |
Focus
⚔️ 37.6% · 🌾 62.4%
Cavalry Archer ×40 · Scorpion ×7 · Spearman ×6 · Unknown (2626) ×5 · Militia ×3 · Fire Galley ×3
Match map
Initial resources + every placement click. Lines = walls · curves = elevation contours. ◆ gold · ⬟ stone · ● berries · ✦ relic · ◌ wall gap
Your base· Open — 4t gap
sefakcaoglu's base· Open — 10t gap
Smoothed initial terrain · ◌ = detected wall gap · hover for details
Inputs per minute
— Pikeman9215 - - sefakcaoglu
Build order — Pikeman9215
First 150 of 416 actions detected
| 0:00 | Create | Villager (Male) |
| 0:01 | Create | Villager (Male) |
| 0:04 | Build | House |
| 0:05 | Build | House |
| 0:15 | Create | Villager (Male) |
| 0:15 | Create | Villager (Male) |
| 1:25 | Create | Villager (Male) |
| 2:00 | Create | Villager (Male) |
| 2:00 | Create | Villager (Male) |
| 2:16 | Create | Villager (Male) |
| 2:16 | Create | Villager (Male) |
| 2:19 | Build | Lumber Camp |
| 2:56 | Create | Villager (Male) |
| 3:01 | Create | Villager (Male) |
| 3:01 | Create | Villager (Male) |
| 3:36 | Build | House |
| 3:39 | Build | House |
| 3:42 | Create | Villager (Male) |
| 3:42 | Create | Villager (Male) |
| 4:00 | Create | Villager (Male) |
| 4:25 | Create | Villager (Male) |
| 4:37 | Create | Villager (Male) |
| 5:04 | Create | Villager (Male) |
| 5:16 | Build | Dock |
| 5:53 | Build | Palisade Wall |
| 5:55 | Build | Palisade Wall |
| 6:03 | Create | Villager (Male) |
| 6:06 | Create | Fishing Ship |
| 6:06 | Create | Fishing Ship |
| 6:12 | Create | Villager (Male) |
| 6:24 | Create | Villager (Male) |
| 6:36 | Create | Villager (Male) |
| 6:42 | Build | House |
| 6:49 | Build | Palisade Wall |
| 6:54 | Build | Palisade Wall |
| 6:57 | Build | Palisade Wall |
| 7:12 | Create | Fishing Ship |
| 7:39 | Research | Loom |
| 7:39 | Research | Loom |
| 7:48 | Build | Palisade Wall |
| 7:50 | Build | Palisade Wall |
| 7:55 | Build | Palisade Wall |
| 8:37 | Build | House |
| 8:46 | Research | Feudal Age |
| 8:46 | Research | Feudal Age |
| 9:33 | Build | Palisade Wall |
| 9:39 | Create | Villager (Male) |
| 9:43 | Build | Palisade Wall |
| 9:47 | Build | Barracks |
| 9:54 | Build | Palisade Wall |
| 10:03 | Build | Palisade Wall |
| 10:14 | Build | Lumber Camp |
| 10:23 | Build | Palisade Wall |
| 10:25 | Create | Villager (Male) |
| 10:40 | Create | Fishing Ship |
| 10:46 | Build | House |
| 10:56 | Age | Feudal Age |
| 11:08 | Build | Stable |
| 11:25 | Create | Villager (Male) |
| 11:35 | Research | Double-Bit Axe |
| 11:50 | Create | Scout Cavalry |
| 11:50 | Create | Scout Cavalry |
| 12:19 | Create | Villager (Male) |
| 12:25 | Build | Blacksmith |
| 12:30 | Create | Villager (Male) |
| 13:12 | Build | Mill |
| 13:13 | Create | Villager (Male) |
| 13:13 | Create | Villager (Male) |
| 13:27 | Build | Mining Camp |
| 13:41 | Build | Dock |
| 13:59 | Build | Dock |
| 14:20 | Create | Villager (Male) |
| 14:21 | Create | Villager (Male) |
| 14:26 | Research | Tech 1014 |
| 14:31 | Build | Pasture |
| 14:32 | Build | Pasture |
| 14:34 | Build | Pasture |
| 14:48 | Build | House |
| 14:49 | Build | House |
| 14:54 | Create | Unit 2626 |
| 14:54 | Create | Unit 2626 |
| 15:12 | Create | Villager (Male) |
| 15:22 | Build | House |
| 15:25 | Create | Unit 2626 |
| 15:35 | Create | Villager (Male) |
| 15:38 | Build | House |
| 15:40 | Build | House |
| 15:43 | Build | House |
| 15:53 | Build | House |
| 15:55 | Create | Villager (Male) |
| 15:59 | Create | Villager (Male) |
| 16:09 | Create | Villager (Male) |
| 16:47 | Create | Villager (Male) |
| 16:56 | Build | Dock |
| 17:07 | Create | Villager (Male) |
| 17:09 | Build | House |
| 17:25 | Create | Unit 2626 |
| 17:26 | Create | Unit 2626 |
| 17:27 | Create | Villager (Male) |
| 17:32 | Build | Pasture |
| 17:35 | Create | Villager (Male) |
| 17:49 | Create | Unit 2626 |
| 18:59 | Research | Castle Age |
| 19:09 | Build | House |
| 19:11 | Build | House |
| 19:13 | Build | House |
| 19:16 | Build | Palisade Wall |
| 19:37 | Create | Fishing Ship |
| 19:37 | Create | Fishing Ship |
| 19:42 | Research | Tech 906 |
| 19:42 | Research | Tech 906 |
| 19:44 | Research | Gold Mining |
| 19:51 | Build | Archery Range |
| 19:56 | Build | Archery Range |
| 20:07 | Build | Archery Range |
| 20:20 | Research | Fletching |
| 20:22 | Create | Villager (Male) |
| 20:50 | Create | Unit 2626 |
| 20:50 | Create | Unit 2626 |
| 20:57 | Create | Villager (Male) |
| 21:05 | Build | House |
| 21:13 | Create | Villager (Male) |
| 21:38 | Build | House |
| 21:39 | Age | Castle Age |
| 21:46 | Create | Cavalry Archer |
| 21:46 | Create | Cavalry Archer |
| 21:46 | Create | Cavalry Archer |
| 21:52 | Research | Bodkin Arrow |
| 21:55 | Research | Gillnets |
| 21:57 | Create | Villager (Male) |
| 22:16 | Research | War Galley (upgrade) |
| 22:27 | Create | Galley |
| 22:31 | Build | House |
| 22:32 | Build | House |
| 22:32 | Build | House |
| 22:32 | Build | House |
| 22:48 | Build | House |
| 22:50 | Build | Palisade Wall |
| 22:52 | Build | House |
| 23:00 | Create | Cavalry Archer |
| 23:01 | Create | Cavalry Archer |
| 23:01 | Create | Cavalry Archer |
| 23:16 | Create | Cavalry Archer |
| 23:16 | Create | Cavalry Archer |
| 23:20 | Create | Villager (Male) |
| 23:40 | Create | Fire Galley |
| 23:40 | Create | Fire Galley |
| 23:45 | Create | Villager (Male) |
| 23:56 | Create | Villager (Male) |
| 23:57 | Create | Villager (Male) |
Build order — sefakcaoglu
First 150 of 426 actions detected
| 0:08 | Create | Villager (Male) |
| 0:08 | Create | Villager (Male) |
| 0:09 | Create | Villager (Male) |
| 0:09 | Create | Villager (Male) |
| 1:36 | Create | Villager (Male) |
| 1:36 | Create | Villager (Male) |
| 2:18 | Create | Villager (Male) |
| 2:18 | Create | Villager (Male) |
| 2:42 | Create | Villager (Male) |
| 2:43 | Create | Villager (Male) |
| 3:12 | Create | Villager (Male) |
| 3:12 | Create | Villager (Male) |
| 3:12 | Create | Villager (Male) |
| 3:33 | Build | Barracks |
| 3:56 | Create | Villager (Male) |
| 3:57 | Create | Villager (Male) |
| 5:03 | Research | Loom |
| 5:06 | Create | Militia |
| 5:16 | Create | Villager (Male) |
| 5:33 | Create | Militia |
| 5:45 | Create | Villager (Male) |
| 5:45 | Create | Villager (Male) |
| 5:55 | Build | Mill |
| 5:59 | Create | Militia |
| 6:35 | Create | Villager (Male) |
| 6:47 | Create | Villager (Male) |
| 6:59 | Build | Mill |
| 7:20 | Create | Villager (Male) |
| 7:23 | Create | Villager (Male) |
| 7:28 | Create | Villager (Male) |
| 7:40 | Create | Villager (Male) |
| 7:47 | Create | Villager (Male) |
| 8:07 | Create | Villager (Male) |
| 8:13 | Create | Villager (Male) |
| 8:16 | Build | Lumber Camp |
| 8:16 | Create | Villager (Male) |
| 8:19 | Create | Villager (Male) |
| 8:23 | Create | Villager (Male) |
| 8:26 | Create | Villager (Male) |
| 8:48 | Create | Villager (Male) |
| 8:54 | Create | Villager (Male) |
| 8:56 | Create | Villager (Male) |
| 9:06 | Create | Villager (Male) |
| 9:08 | Build | Farm |
| 9:16 | Create | Villager (Male) |
| 9:38 | Create | Villager (Male) |
| 9:42 | Create | Villager (Male) |
| 9:45 | Create | Villager (Male) |
| 9:52 | Create | Villager (Male) |
| 10:00 | Research | Feudal Age |
| 10:12 | Build | Dock |
| 10:15 | Create | Villager (Male) |
| 10:25 | Create | Villager (Male) |
| 10:28 | Create | Villager (Male) |
| 10:48 | Build | Mining Camp |
| 11:17 | Create | Villager (Male) |
| 11:32 | Create | Villager (Male) |
| 11:50 | Create | Villager (Male) |
| 11:52 | Research | Loom |
| 11:58 | Create | Villager (Male) |
| 12:03 | Build | Palisade Wall |
| 12:10 | Age | Feudal Age |
| 12:21 | Create | Fire Galley |
| 12:22 | Create | Spearman |
| 12:30 | Build | Palisade Wall |
| 12:32 | Create | Villager (Male) |
| 12:38 | Build | Palisade Wall |
| 12:39 | Create | Villager (Male) |
| 12:47 | Build | Palisade Wall |
| 12:58 | Build | Palisade Wall |
| 13:00 | Build | Palisade Wall |
| 13:02 | Build | Palisade Wall |
| 13:04 | Build | Palisade Wall |
| 13:07 | Create | Villager (Male) |
| 13:08 | Build | Palisade Wall |
| 13:10 | Build | Palisade Wall |
| 13:13 | Create | Spearman |
| 13:19 | Build | Palisade Gate |
| 13:28 | Build | Palisade Wall |
| 13:32 | Build | Farm |
| 13:40 | Build | Farm |
| 13:43 | Create | Villager (Male) |
| 13:47 | Build | Farm |
| 13:54 | Create | Spearman |
| 14:03 | Build | Palisade Wall |
| 14:06 | Build | Palisade Wall |
| 14:11 | Build | Palisade Wall |
| 14:27 | Build | Palisade Wall |
| 14:29 | Build | Palisade Wall |
| 14:30 | Build | Palisade Wall |
| 14:35 | Build | Palisade Wall |
| 14:35 | Create | Villager (Male) |
| 14:56 | Build | Palisade Wall |
| 14:56 | Create | Villager (Male) |
| 14:58 | Build | Farm |
| 15:07 | Create | Fire Galley |
| 15:07 | Create | Villager (Male) |
| 15:13 | Build | Farm |
| 15:14 | Research | Double-Bit Axe |
| 15:21 | Build | Lumber Camp |
| 15:28 | Create | Villager (Male) |
| 15:34 | Create | Fire Galley |
| 15:34 | Create | Villager (Male) |
| 15:48 | Create | Fishing Ship |
| 15:48 | Create | Fishing Ship |
| 15:55 | Build | Palisade Wall |
| 16:10 | Create | Villager (Male) |
| 16:13 | Build | Farm |
| 16:15 | Build | Farm |
| 16:23 | Create | Spearman |
| 16:31 | Create | Villager (Male) |
| 16:34 | Build | Farm |
| 16:40 | Create | Spearman |
| 16:47 | Create | Spearman |
| 16:54 | Build | Farm |
| 17:00 | Create | Unit 2626 |
| 17:00 | Create | Unit 2626 |
| 17:08 | Create | Villager (Male) |
| 17:15 | Build | Palisade Wall |
| 17:19 | Create | Villager (Male) |
| 17:25 | Create | Demolition Raft |
| 17:40 | Create | Villager (Male) |
| 17:41 | Build | Farm |
| 17:51 | Build | Farm |
| 17:51 | Build | Farm |
| 17:51 | Build | Farm |
| 17:52 | Build | Farm |
| 18:16 | Create | Villager (Male) |
| 18:23 | Create | Unit 2626 |
| 18:29 | Research | Horse Collar |
| 18:33 | Build | Farm |
| 18:35 | Build | Farm |
| 18:36 | Build | Farm |
| 18:39 | Build | Farm |
| 18:41 | Build | Farm |
| 18:42 | Build | Farm |
| 18:53 | Create | Demolition Raft |
| 18:59 | Build | Farm |
| 19:03 | Build | Farm |
| 19:09 | Create | Villager (Male) |
| 19:22 | Build | Farm |
| 19:42 | Create | Villager (Male) |
| 19:47 | Build | Farm |
| 20:02 | Create | Villager (Male) |
| 20:04 | Build | Blacksmith |
| 20:06 | Create | Villager (Male) |
| 20:22 | Build | Archery Range |
| 20:23 | Create | Villager (Male) |
| 20:52 | Create | Villager (Male) |
| 20:52 | Create | Villager (Male) |
Match timeline
| 3:33 | sefakcaoglu · first_building Barracks |
| 5:16 | Pikeman9215 · first_building Dock |
| 5:53 | Pikeman9215 · wall_segment Palisade Wall x1 |
| 5:55 | Pikeman9215 · wall_segment Palisade Wall x1 |
| 6:49 | Pikeman9215 · wall_segment Palisade Wall x10 |
| 6:54 | Pikeman9215 · wall_segment Palisade Wall x6 |
| 6:57 | Pikeman9215 · wall_segment Palisade Wall x4 |
| 7:48 | Pikeman9215 · wall_segment Palisade Wall x1 |
| 7:50 | Pikeman9215 · wall_segment Palisade Wall x1 |
| 7:55 | Pikeman9215 · wall_segment Palisade Wall x1 |
| 9:33 | Pikeman9215 · wall_segment Palisade Wall x1 |
| 9:43 | Pikeman9215 · wall_segment Palisade Wall x1 |
| 9:47 | Pikeman9215 · first_building Barracks |
| 9:54 | Pikeman9215 · wall_segment Palisade Wall x1 |
| 10:03 | Pikeman9215 · wall_segment Palisade Wall x1 |
| 10:12 | sefakcaoglu · first_building Dock |
| 10:23 | Pikeman9215 · wall_segment Palisade Wall x1 |
| 10:56 | Pikeman9215 · age_up feudal |
| 11:08 | Pikeman9215 · first_building Stable |
| 12:03 | sefakcaoglu · wall_segment Palisade Wall x14 |
| 12:10 | sefakcaoglu · age_up feudal |
| 12:30 | sefakcaoglu · wall_segment Palisade Wall x6 |
| 12:38 | sefakcaoglu · wall_segment Palisade Wall x12 |
| 12:47 | sefakcaoglu · wall_segment Palisade Wall x13 |
| 12:58 | sefakcaoglu · wall_segment Palisade Wall x5 |
| 13:00 | sefakcaoglu · wall_segment Palisade Wall x1 |
| 13:02 | sefakcaoglu · wall_segment Palisade Wall x1 |
| 13:04 | sefakcaoglu · wall_segment Palisade Wall x1 |
| 13:08 | sefakcaoglu · wall_segment Palisade Wall x1 |
| 13:10 | sefakcaoglu · wall_segment Palisade Wall x10 |
| 13:28 | sefakcaoglu · wall_segment Palisade Wall x20 |
| 14:03 | sefakcaoglu · wall_segment Palisade Wall x1 |
| 14:06 | sefakcaoglu · wall_segment Palisade Wall x1 |
| 14:11 | sefakcaoglu · wall_segment Palisade Wall x3 |
| 14:27 | sefakcaoglu · wall_segment Palisade Wall x5 |
| 14:29 | sefakcaoglu · wall_segment Palisade Wall x1 |
| 14:30 | sefakcaoglu · wall_segment Palisade Wall x1 |
| 14:35 | sefakcaoglu · wall_segment Palisade Wall x1 |
| 14:56 | sefakcaoglu · wall_segment Palisade Wall x1 |
| 15:55 | sefakcaoglu · wall_segment Palisade Wall x1 |
| 17:15 | sefakcaoglu · wall_segment Palisade Wall x1 |
| 19:16 | Pikeman9215 · wall_segment Palisade Wall x6 |
| 19:51 | Pikeman9215 · first_building Archery Range |
| 20:22 | sefakcaoglu · first_building Archery Range |
| 21:39 | Pikeman9215 · age_up castle |
| 22:14 | sefakcaoglu · wall_segment Palisade Wall x1 |
| 22:50 | Pikeman9215 · wall_segment Palisade Wall x1 |
| 24:07 | Pikeman9215 · first_building Siege Workshop |
| 24:30 | sefakcaoglu · wall_segment Palisade Wall x1 |
| 24:36 | sefakcaoglu · age_up castle |
| 24:58 | sefakcaoglu · first_building Siege Workshop |
| 25:48 | sefakcaoglu · first_market_sell 100 food |
| 25:49 | sefakcaoglu · first_market_buy 100 wood |
| 26:37 | sefakcaoglu · wall_segment Palisade Wall x1 |
| 27:41 | Pikeman9215 · first_building Monastery |
| 31:09 | sefakcaoglu · first_building Monastery |
| 33:18 | sefakcaoglu · wall_segment Palisade Wall x1 |
| 33:58 | Pikeman9215 · age_up imperial |
| 34:18 | sefakcaoglu · first_building Stable |
| 34:54 | sefakcaoglu · first_building Castle |
| 35:42 | sefakcaoglu · age_up imperial |
| 40:55 | sefakcaoglu · resign |
[ AI ANALYSIS · 1 CREDIT ]
What really happened in this match?
Wolo.gg analyzes every decision: build order, eco, micro, common mistakes by bracket. Personalized analysis on WhatsApp or Discord in 30 seconds.
Civ guide
Khitans
Map guide
Isthmus
Perfil
Pikeman9215